 Dungeon Crawl Stone Soup version 0.30-a0-576-g89cddaab80 (webtiles) character file.

Game seed: 15413321334527362253

673 themarg the Insei (level 7, -1/53 HPs)
             Began as a Gnoll Transmuter on Dec 30, 2022.
             Was an Initiate of Nemelex Xobeh.
             Slain by a gnoll
             ... wielding a +0 flail
             ... led by a gnoll bouda
              (11 damage)
             ... on level 5 of the Dungeon.
             The game lasted 00:12:45 (4721 turns).

themarg the Insei (Gnoll Transmuter)                Turns: 4721, Time: 00:12:45

Health: -1/53      AC:  2    Str: 10    XL:     7   Next: 59%
Magic:  11/15      EV: 22    Int: 14    God:    Nemelex Xobeh [......]
Gold:   90         SH:  0    Dex: 17    Spells: 11/17 levels left

rFire   . . .      SeeInvis .      - Unarmed
rCold   . . .      Faith    .    (shield currently unavailable)
rNeg    . . .      Spirit   .    (body armour currently unavailable)
rPois   x          Reflect  .    (helmet currently unavailable)
rElec   .          Harm     .    (cloak currently unavailable)
rCorr   .          Rampage  .    (gloves currently unavailable)
Will    .....                    (boots currently unavailable)
Stlth   ++                       (no amulet)
HPRegen 0.28/turn                (no ring)
MPRegen 0.14/turn                (no ring)

@: spider-form (expiring), wereblooded
A: venomous fangs, tiny, (fangs 1), strong nose, distributed training
a: End Transformation, Renounce Religion, Draw Escape, Draw Destruction, Draw
Summoning


You were on level 5 of the Dungeon.
You worshipped Nemelex Xobeh.
Nemelex Xobeh was noncommittal.
You were a venomous arachnid creature.
You visited 2 branches of the dungeon, and saw 6 of its levels.

You collected 194 gold pieces.
You spent 104 gold pieces at shops.

Inventory:

Hand Weapons
 c - a +0 short sword
 j - a +0 mace of draining (melded)
Missiles
 f - 32 stones
Armour
 a - a +0 robe (melded)
 s - a +0 pair of gloves (melded)
Jewellery
 n - a ring of protection from fire
 v - a ring of magical power
Wands
 o - a wand of flame (20)
 t - a wand of light (11)
Scrolls
 d - 2 scrolls of amnesia
 e - a scroll of noise {unknown}
 g - 2 scrolls of poison {unknown}
 h - 2 scrolls of teleportation {unknown}
 i - a scroll of enchant weapon {unknown}
 k - a scroll of summoning {unknown}
 q - 3 scrolls of fog
Potions
 b - a potion of lignification
 l - 2 potions of heal wounds
 m - a potion of brilliance
 p - a potion of attraction
 r - 2 potions of flight
 u - 2 potions of haste {unknown}
 w - a potion of mutation {unknown}
 x - a potion of might {unknown}
 z - a potion of degeneration {unknown}
 A - a potion of magic


   Skills:
 + Level 3.8 Fighting
 + Level 2.7 Short Blades
 + Level 2.7 Long Blades
 + Level 2.7 Axes
 + Level 2.7 Maces & Flails
 + Level 2.7 Polearms
 + Level 2.7 Staves
 + Level 2.7 Ranged Weapons
 + Level 2.7 Throwing
 + Level 2.7 Armour
 + Level 5.3 Dodging
 + Level 2.7 Stealth
 + Level 2.7 Shields
 + Level 7.1 Unarmed Combat
 + Level 5.7 Spellcasting
 + Level 2.2 Conjurations
 + Level 2.2 Hexes
 + Level 2.2 Summonings
 + Level 2.2 Necromancy
 + Level 2.2 Translocations
 + Level 4.4 Transmutations
 + Level 2.2 Fire Magic
 + Level 2.2 Ice Magic
 + Level 2.2 Air Magic
 + Level 2.2 Earth Magic
 + Level 2.2 Poison Magic
 + Level 3.0 Invocations
 + Level 2.7 Evocations


You had 11 spell levels left.
You knew the following spells:

 Your Spells              Type           Power      Damage    Failure   Level
a - Beastly Appendage     Tmut           32%        N/A       10%         1
b - Wereblood             Tmut           16%        N/A       13%         2
c - Spider Form           Tmut/Pois      13%        N/A       28%         3

Your spell library contained the following spells:

 Spells                   Type           Power      Damage    Failure   Level
 Apportation              Tloc           20%        N/A       19%         1
 Magic Dart               Conj           40%        1d5       19%         1
 Necrotise                Necr           40%        1d6       19%         1
 Summon Small Mammal      Summ           40%        N/A       19%         1
 Call Imp                 Summ           10%        N/A       24%         2
 Static Discharge         Conj/Air       20%        2-3/arc   24%         2
 Mephitic Cloud           Conj/Pois/Air  10%        N/A       41%         3
 Vhi's Electric Charge    Tloc/Air       20%        N/A       41%         3
 Ice Form                 Ice/Tmut       13%        N/A       61%         4
 Summon Ice Beast         Ice/Summ       10%        N/A       75%         4
 Arcjolt                  Conj/Air       5%         1d15      96%         5
 Lightning Bolt           Conj/Air       5%         1d17      96%         5
 Summon Mana Viper        Hex/Summ       10%        N/A       96%         5
 Monstrous Menagerie      Summ           5%         N/A       100%        7


Dungeon Overview and Level Annotations

Branches:
Dungeon (5/15)             Temple (1/1) D:5

Altars:
Ashenzari
Cheibriados
Dithmenos
Elyvilon
Fedhas
Gozag
Hepliaklqana
Kikubaaqudgha
Nemelex Xobeh
Okawaru
Qazlal
Ru
Sif Muna
Uskayaw
Vehumet
Wu Jian
Xom
Yredelemnul
The Shining One

Shops:
D:4 *

Annotations:
D:3 Grinder


Innate Abilities, Weirdness & Mutations

You are a venomous arachnid creature.
You have poisonous fangs.
You are tiny and dextrous.
Your spellcasting is less reliable in this form.
Your armour is entirely melded.
You are incapable of wielding weapons or throwing items.
((You have very sharp teeth.))
Your uncanny sense of smell can sniff out nearby items.
Your experience applies equally to all skills.


Message History

The phantom is almost destroyed.
The phantom misses you.
You hit the phantom.
You destroy the phantom!
Your Invocations skill increases to level 3!
HP restored.
Your transformation is almost over.
Magic restored.
Your transformation has ended.
Your +0 mace of draining unmelds from your body.
Your +0 pair of gloves unmelds from your body.
Your +0 robe unmelds from your body.
You sense an unholy aura.
Okay, then.
u - 2 fizzy white potions (gained 1)
The gnoll bouda shouts!
The gnoll bouda barks out a call to the hunt!
The gnoll shouts!
You hear a shout!
The gnoll throws a throwing net.
The throwing net hits you.
You become entangled in the net!
The gnoll bouda gazes fiercely through you!
You feel your attacks grow feeble.
You see here a throwing net.
Your blood is infused with primal strength.
You struggle against the net.
You struggle against the net.
Your attacks no longer feel as feeble.
The gnoll hits you with a +0 flail!
You turn into a venomous arachnid creature.
Your +0 mace of draining melds into your body.
Your +0 pair of gloves melds into your body.
Your +0 robe melds into your body.
The gnoll hits you with a +0 flail!
You struggle against the net.
Your transformation is almost over.
The gnoll hits you with a +0 flail!
You rip the net and break free!
The gnoll hits you with a +0 flail!
* * * LOW HITPOINT WARNING * * *
You hit the gnoll but do no damage.
The gnoll is poisoned.
The gnoll hits you with a +0 flail!
You die...
Your body disappears without a glow.

#.#..#gg#...#.g#h
#.# ###
#.#.##g.##'##g.##
#.# #..
#.#.#.......g...#
#.####.#
#.#.#####w..#####
#......# ...)##
#gg# ## ########
.#### #g## #g#
#g# ######s####
...........#
........##.#
##########.#
#####.#####
#.........# #
#.#######.# ## ∆
#.# #.# ##.
##.#####.# #.#
#..


You could see a gnoll bouda, a worm and 4 gnolls.

Vanquished Creatures
  A phantom (D:5)
  A necrophage (D:3)
  3 scorpions
  A jelly (D:5)
  2 iguanas
  An orc wizard (D:4)
  Natasha (thrice) (D:3)
  Terence (D:2)
  4 gnolls (D:2)
  An adder (D:2)
  5 worms
  2 dart slugs
  5 orcs
  4 endoplasms
  6 giant cockroaches
  6 goblins
  7 hobgoblins
  6 jackals
  4 quokkas (D:1)
  8 ball pythons
  5 bats
  3 frilled lizards
  7 kobolds
  10 rats
96 creatures vanquished.

Notes
Turn   | Place    | Note
-------+----------+-------------------------------------------
     0 | D:1      | themarg the Gnoll Transmuter began the quest for the Orb.
     0 | D:1      | Reached XP level 1. HP: 17/17 MP: 6/6
    52 | D:1      | Found a faded altar of an unknown god.
   100 | D:1      | Reached XP level 2. HP: 17/23 MP: 7/7
   103 | D:1      | Learned a level 2 spell: Wereblood
   473 | D:1      | Reached skill level 5 in Spellcasting
   473 | D:1      | Reached XP level 3. HP: 28/28 MP: 6/9
   477 | D:1      | Learned a level 3 spell: Spider Form
   973 | D:2      | Reached skill level 1 in Invocations
   982 | D:2      | Noticed Terence
   988 | D:2      | Killed Terence
   989 | D:2      | Reached skill level 1 in Short Blades
   989 | D:2      | Reached skill level 1 in Long Blades
   989 | D:2      | Reached skill level 1 in Axes
   989 | D:2      | Reached skill level 1 in Maces & Flails
   989 | D:2      | Reached skill level 1 in Polearms
   989 | D:2      | Reached skill level 1 in Staves
   989 | D:2      | Reached skill level 1 in Ranged Weapons
   989 | D:2      | Reached skill level 1 in Throwing
   989 | D:2      | Reached skill level 1 in Armour
   989 | D:2      | Reached skill level 1 in Stealth
   989 | D:2      | Reached skill level 1 in Shields
   989 | D:2      | Reached skill level 1 in Evocations
   989 | D:2      | Reached XP level 4. HP: 29/34 MP: 7/11
  1108 | D:2      | Reached skill level 1 in Conjurations
  1108 | D:2      | Reached skill level 1 in Hexes
  1108 | D:2      | Reached skill level 1 in Summonings
  1108 | D:2      | Reached skill level 1 in Necromancy
  1108 | D:2      | Reached skill level 1 in Translocations
  1108 | D:2      | Reached skill level 1 in Fire Magic
  1108 | D:2      | Reached skill level 1 in Ice Magic
  1108 | D:2      | Reached skill level 1 in Air Magic
  1108 | D:2      | Reached skill level 1 in Earth Magic
  1108 | D:2      | Reached skill level 1 in Poison Magic
  1205 | D:2      | Reached XP level 5. HP: 40/40 MP: 9/12
  2257 | D:3      | Found a blossoming altar of Fedhas.
  2483 | D:3      | Noticed Natasha
  2490 | D:3      | Killed Natasha
  2561 | D:3      | Reached skill level 5 in Dodging
  2561 | D:3      | Reached XP level 6. HP: 40/47 MP: 11/14
  2706 | D:3      | Noticed Natasha
  2714 | D:3      | Killed Natasha
  2758 | D:3      | Noticed Natasha
  2763 | D:3      | Killed Natasha
  2855 | D:3      | Noticed Grinder
  3181 | D:4      | Found a shimmering altar of Xom.
  3185 | D:4      | Found a snail-covered altar of Cheibriados.
  3189 | D:4      | Found a sparkling altar of Nemelex Xobeh.
  3302 | D:4      | Reached skill level 7 in Unarmed Combat
  3302 | D:4      | Reached XP level 7. HP: 44/52 MP: 11/15
  3434 | D:4      | Found a stormy altar of Qazlal.
  3477 | D:4      | Found Emem's General Store.
  3485 | D:4      | Bought a potion of magic for 104 gold pieces
  3897 | D:5      | Entered Level 5 of the Dungeon
  3928 | D:5      | Found a broken altar of Ashenzari.
  4041 | D:5      | Found a staircase to the Ecumenical Temple.
  4049 | Temple   | Entered the Ecumenical Temple
  4565 | D:4      | Became a worshipper of Nemelex Xobeh the Trickster
  4628 | D:5      | Found an opulent altar of Gozag.
  4721 | D:5      | Slain by a gnoll

Illustrated notes

Levels and vault maps discovered:
D:1:      wander_arrival_peaceful_grave, layout_basic,
          chequers_ecumenical_altar_simple_redux
D:2:      layout_loops_ring, minmay_liquid_box, nicolae_wormholes, uniq_terence
D:3:      layout_loops_ring, lemuel_tele_altar, uniq_natasha, uniq_grinder
D:4:      layout_basic, grunt_temple_overflow_diamond,
          mainiacjoe_overflow_paths, serial_shops, shop
D:5:      layout_loops_ring, nicolae_ashenzari_skybound,
          mainiacjoe_overflow_tiny_flanked, minmay_temple_entry_glassed_door,
          hangedman_decor_points
Temple:   minmay_temple_forest_path

Skill      XL: |  1  2  3  4  5  6  7 |
---------------+----------------------+-----
Spellcasting   | 5 |  5.7
Invocations    | 1 2 3 |  3.0
Short Blades   | 1 2 |  2.7
Long Blades    | 1 2 |  2.7
Axes           | 1 2 |  2.7
Maces & Flails | 1 2 |  2.7
Polearms       | 1 2 |  2.7
Staves         | 1 2 |  2.7
Ranged Weapons | 1 2 |  2.7
Throwing       | 1 2 |  2.7
Armour         | 1 2 |  2.7
Stealth        | 1 2 |  2.7
Shields        | 1 2 |  2.7
Evocations     | 1 2 |  2.7
Conjurations   | 1 2 |  2.2
Hexes          | 1 2 |  2.2
Summonings     | 1 2 |  2.2
Necromancy     | 1 2 |  2.2
Translocations | 1 2 |  2.2
Fire Magic     | 1 2 |  2.2
Ice Magic      | 1 2 |  2.2
Air Magic      | 1 2 |  2.2
Earth Magic    | 1 2 |  2.2
Poison Magic   | 1 2 |  2.2
Fighting       | 3 |  3.8
Transmutations | 4 |  4.4
Dodging        | 5 |  5.3
Unarmed Combat | 7 |  7.1

Action                   |  1- 3 |  4- 6 |  7- 9 || total
-------------------------+-------+-------+-------++-------
Melee: Short sword       |    37 |       |       ||    37
       Unarmed           |    13 |   110 |    41 ||   164
       Kick              |    13 |       |       ||    13
       Bite              |     5 |     2 |       ||     7
       Headbutt          |     8 |       |       ||     8
       Mace              |    26 |     9 |     1 ||    36
       Punch             |     1 |       |       ||     1
 Cast: Beastly Appendage |    18 |     1 |       ||    19
       Spider Form       |     1 |    28 |    12 ||    41
       Wereblood         |       |     1 |     1 ||     2
  Use: Scroll            |       |       |     6 ||     6
 Stab: Sleeping          |       |     3 |     2 ||     5
Armor: Robe              |     8 |     1 |       ||     9
       Skin              |       |     7 |     1 ||     8
Dodge: Dodged            |    48 |   116 |    26 ||   190

Table legend: (Time is in decaauts)
 A = Elapsed time spent in this place.
 B = Non-inter-level travel time spent in this place.
 C = Inter-level travel time spent in this place.
 D = Time resting spent in this place.
 E = Time spent auto-exploring this place.
 F = Levels seen in this place.
 G = Mean time per level.
                   A        B        C        D        E       F      G
               +--------+--------+--------+--------+--------+-----+--------+
         Total |   4715 |   4578 |    137 |     63 |   3636 |   6 |  785.8 |
       Dungeon |   4260 |   4154 |    106 |     63 |   3257 |   5 |  852.0 |
        Temple |    454 |    423 |     31 |      0 |    379 |   1 |  454.0 |
               +--------+--------+--------+--------+--------+-----+--------+

Top non-repeatable levels by time:
     D:3: 1171 daAuts
     D:2: 1124 daAuts
     D:4: 885 daAuts
     D:1: 777 daAuts
  Temple: 454 daAuts
     D:5: 301 daAuts
